 Dungeon Crawl Stone Soup version 0.30.1-3-gfc49f6343a (webtiles) character file.

Game seed: 11643378850196353221

11057 Kranky the Fighter (level 11, -4/153 HPs)
             Began as a Minotaur Berserker on Aug 5, 2023.
             Was a High Priest of Trog.
             Slain by an entropy weaver (8 damage)
             ... on level 10 of the Dungeon.
             The game lasted 00:14:36 (11076 turns).

Kranky the Fighter (Minotaur Berserker)            Turns: 11076, Time: 00:14:38

Health: -4/153     AC:  0    Str: 33    XL:     11   Next: 44%
Magic:  10/10      EV: 10    Int:  4    God:    Trog [*****.]
Gold:   962        SH:  6    Dex:  9    Spells: 10/10 levels left

rFire   . . .        N - +2 trident
rCold   . . .        c - +0 kite shield
rNeg    . . .        L - +0 plate armour
rPois   .            (helmet restricted)
rElec   .            (no cloak)
rCorr   .            K - +0 pair of gloves
SInv    .            (no boots)
Will    +++..        j - amulet of the acrobat Stlth
                     n - +6 ring of strength
HPRegen 1.45/turn    e - ring of willpower
MPRegen 0.12/turn

%: acrobat
@: berserking, strong-willed, corroded, regenerating, very quick
A: horns 2, retaliatory headbutt
a: Renounce Religion, Berserk, Trog's Hand, Brothers in Arms


You were on level 10 of the Dungeon.
You worshipped Trog.
Trog was extremely pleased with you.
You visited 2 branches of the dungeon, and saw 11 of its levels.

You collected 962 gold pieces.

Inventory:

Hand Weapons
 a - a +0 spear
 t - a +0 trident
 F - a +2 long sword of electrocution
 N - a +2 trident (weapon)
Missiles
 y - 4 throwing nets (quivered)
Armour
 c - a +0 kite shield (worn)
 k - a +0 chain mail
 K - a +0 pair of gloves (worn)
 L - a +0 plate armour (worn)
Jewellery
 e - a ring of willpower (right hand)
 h - a ring of resist corrosion
 j - an amulet of the acrobat (around neck)
 n - a +6 ring of strength (left hand)
 u - a ring of see invisible
 C - a +5 ring of evasion
Wands
 M - a wand of flame (6)
Scrolls
 b - 2 scrolls of enchant weapon {unknown}
 d - 7 scrolls of identify {unknown}
 f - a scroll of fog {unknown}
 m - a scroll of enchant armour {unknown}
 o - a scroll of torment {unknown}
 v - 3 scrolls of fear {unknown}
 w - a scroll of blinking {unknown}
 x - 2 scrolls of teleportation {unknown}
 A - a scroll of noise {unknown}
 B - a scroll of vulnerability {unknown}
 E - 3 scrolls of magic mapping {unknown}
 H - a scroll of silence {unknown}
 I - a scroll of poison {unknown}
 J - 2 scrolls of amnesia {unknown}
Potions
 g - 3 potions of lignification {unknown}
 i - 4 potions of curing {unknown}
 l - 2 potions of heal wounds {unknown}
 p - 5 potions of magic {unknown}
 q - 3 potions of flight {unknown}
 r - 3 potions of might {unknown}
 s - 2 potions of haste {unknown}
 z - 4 potions of attraction {unknown}
 D - a potion of ambrosia {unknown}
 G - a potion of invisibility {unknown}
 O - 2 potions of brilliance {unknown}


   Skills:
 + Level 11.5 Fighting
 + Level 11.5 Polearms
 + Level 11.2 Armour
 + Level 10.3 Dodging


You had 10 spell levels left.
You didn't know any spells.
Your spell library was empty.

Dungeon Overview and Level Annotations

Branches:
Dungeon (10/15)            Temple (1/1) D:6            Lair (0/5) D:9
    Orc (0/2) D:9

Altars:
Ashenzari
Dithmenos
Elyvilon
Fedhas
Hepliaklqana
Kikubaaqudgha
Okawaru
Qazlal
Ru
Sif Muna
Trog
Xom
Zin

Shops:
D:3 [::   D:9 :((:

Annotations:
Temple 2 transporters


Innate Abilities, Weirdness & Mutations

You have a pair of horns on your head.
You reflexively headbutt those who attack you in melee.


Message History

The entropic weave corrodes you!
You closely miss the entropy weaver.
Your headbutt misses the entropy weaver.
The entropy weaver is severely wounded.
You hit the entropy weaver. You headbutt the entropy weaver.
The entropy weaver is severely wounded.
You block the entropy weaver's attack. The entropy weaver hits you! x2
You block the entropy weaver's attack.
You barely miss the entropy weaver.
The entropy weaver is severely wounded.
The entropy weaver misses you. You furiously retaliate!
You headbutt the entropy weaver, but do no damage.
The entropy weaver hits you. The entropy weaver hits you!
* * * LOW HITPOINT WARNING * * *
The entropy weaver hits you.
* * * LOW HITPOINT WARNING * * *
You closely miss the entropy weaver.
Your headbutt misses the entropy weaver.
The entropy weaver is severely wounded.
You are too berserk!
Unknown command.
You barely miss the entropy weaver.
Your headbutt misses the entropy weaver.
The entropy weaver is severely wounded.
The entropy weaver barely misses you. The entropy weaver hits you!
* * * LOW HITPOINT WARNING * * *
You block the entropy weaver's attack. The entropy weaver hits you!
* * * LOW HITPOINT WARNING * * *
You hit the entropy weaver but do no damage.
Your headbutt misses the entropy weaver.
The entropy weaver is severely wounded.
Unknown command.
You barely miss the entropy weaver. You headbutt the entropy weaver!
The entropy weaver is almost dead.
The entropy weaver hits you!
* * * LOW HITPOINT WARNING * * *
The entropy weaver hits you.
* * * LOW HITPOINT WARNING * * *
The entropy weaver hits you!
You die...

##.#...###.#
#..........###
#.....[..<....
#..........###
######.#...###.#
#............#.#
#.##.#.#.)<#.#.###
###########†#.#....
#.@.......'.#.#####
#B###########.# #t
###.### #. #.....#
#÷ ###.#.### #.
#...... #. ###.###
#. #####.# #...#.#


You could see an entropy weaver and a fire crab.

Vanquished Creatures
  A hydra (D:10)
  A two-headed ogre (D:10)
  Erica (D:10)
  2 fire crabs (D:10)
  A troll (D:9)
  Grinder (D:3)
  A hornet (D:5)
  2 dream sheep (D:10)
  2 shadows (D:10)
  4 yaks
  2 steam dragons
  A warg (D:9)
  An acid dragon (D:10)
  7 water moccasins
  2 ice beasts
  2 black bears
  5 orc warriors
  2 ogres
  4 centaurs
  A phantom (D:4)
  Blork the orc (D:6)
  4 kobold brigands
  10 bullfrogs
  7 scorpions
  10 wights
  5 killer bees
  10 howler monkeys
  3 hounds
  4 orc priests
  3 jellies (D:7)
  3 gnoll boudas
  3 sleepcaps
  4 iguanas
  14 orc wizards
  24 gnolls
  3 adders
  A white imp (D:6)
  2 ufetubi
  5 worms
  2 dart slugs
  31 orcs
  7 ball pythons
  6 bats
  7 endoplasms
  3 giant cockroaches
  7 goblins
  7 hobgoblins
  2 jackals (D:4)
  8 kobolds
  5 quokkas
  4 frilled lizards
  8 rats
256 creatures vanquished.

Notes
Turn   | Place    | Note
-------+----------+-------------------------------------------
     0 | D:1      | Kranky the Minotaur Berserker began the quest for the Orb.
     0 | D:1      | Reached XP level 1. HP: 19/19 MP: 0/0
    96 | D:1      | Found a faded altar of an unknown god.
   260 | D:1      | Reached XP level 2. HP: 27/27 MP: 1/1
   830 | D:1      | Reached XP level 3. HP: 19/33 MP: 2/2
   996 | D:1      | Reached ** piety under Trog
  1123 | D:2      | Reached XP level 4. HP: 35/40 MP: 3/3
  2001 | D:3      | Reached XP level 5. HP: 38/47 MP: 4/4
  2096 | D:3      | Found a stormy altar of Qazlal.
  2097 | D:3      | Noticed a fire elemental
  2097 | D:3      | Noticed a water elemental
  2097 | D:3      | Noticed an air elemental
  2272 | D:3      | Found an ancient bone altar of Kikubaaqudgha.
  2281 | D:3      | Reached *** piety under Trog
  2308 | D:3      | Found Maethor's Book Boutique.
  2344 | D:3      | Found Hiun's Book Emporium.
  2398 | D:3      | Noticed Grinder
  2400 | D:3      | Found Emiulaxu's Armour Shop.
  2400 | D:3      | Found a white marble altar of Elyvilon.
  2410 | D:3      | Killed Grinder
  2411 | D:3      | Reached skill level 5 in Fighting
  2411 | D:3      | Reached skill level 5 in Polearms
  2411 | D:3      | Reached XP level 6. HP: 39/56 MP: 5/5
  2743 | D:4      | Reached skill level 5 in Armour
  2743 | D:4      | Reached XP level 7. HP: 57/61 MP: 6/6
  3385 | D:5      | Entered Level 5 of the Dungeon
  3407 | D:5      | Reached skill level 5 in Dodging
  3599 | D:5      | Noticed a hornet
  3603 | D:5      | Paralysed by a hornet for 2 turns
  3607 | D:5      | Killed a hornet
  3608 | D:5      | Reached XP level 8. HP: 53/71 MP: 7/7
  3787 | D:5      | You fall into a shaft and drop 1 floor!
  3985 | D:6      | Found a broken altar of Ashenzari.
  4086 | D:6      | Noticed Blork the orc
  4087 | D:6      | Found a staircase to the Ecumenical Temple.
  4104 | D:6      | Killed Blork the orc
  4449 | Temple   | Entered the Ecumenical Temple
  4449 | Temple   | Found a transporter.
  4449 | Temple   | Found a transporter.
  4451 | Temple   | Reached **** piety under Trog
  5887 | D:7      | Reached XP level 9. HP: 79/81 MP: 8/8
  7646 | D:8      | Reached ***** piety under Trog
  7881 | D:8      | Reached XP level 10. HP: 87/91 MP: 9/9
  8563 | D:9      | Found a staircase to the Orcish Mines.
  8606 | D:9      | Found a glowing silver altar of Zin.
  8797 | D:9      | Reached skill level 10 in Polearms
  8851 | D:9      | Reached skill level 10 in Fighting
  8991 | D:9      | Found Sufuni's Antique Weapon Boutique.
  8994 | D:9      | Found Seyddont's Book Boutique.
  8994 | D:9      | Found Ysewuwn's Antique Weapon Boutique.
  9182 | D:9      | Found a staircase to the Lair.
  9207 | D:9      | Reached skill level 10 in Armour
  9587 | D:9      | Found Feuxzyoc's Book Shoppe.
  9743 | D:10     | Entered Level 10 of the Dungeon
  9743 | D:10     | Found a runed translucent door.
  9923 | D:10     | Noticed a two-headed ogre
  9929 | D:10     | Killed a two-headed ogre
 10112 | D:10     | Identified the +2 pair of gloves of the Swan {Regen+}
 10228 | D:10     | Noticed Erica
 10237 | D:10     | Killed Erica
 10238 | D:10     | Reached XP level 11. HP: 86/101 MP: 10/10
 10463 | D:10     | Noticed a two-headed hydra
 10483 | D:10     | Killed a two-headed hydra
 10484 | D:10     | Reached skill level 10 in Dodging
 10817 | D:10     | Noticed a fire crab
 10935 | D:10     | Killed a fire crab
 10935 | D:10     | Identified the +1 glaive "Typiho" {heavy, *Rage rN+ rCorr}
                  | (Trog gifted it to you on level 10 of the Dungeon)
 10935 | D:10     | Received a gift from Trog
 11052 | D:10     | Noticed a fire crab
 11052 | D:10     | Noticed an entropy weaver
 11059 | D:10     | Killed a fire crab
 11059 | D:10     | Noticed a fire crab
 11076 | D:10     | HP: 5/153 [entropy weaver (8)]
 11076 | D:10     | Slain by an entropy weaver

Illustrated notes

Levels and vault maps discovered:
D:1:      dpeg_arrival_simpleton_b, layout_rooms,
          chequers_ecumenical_altar_lobes, chequers_serial_rivers_micro_d,
          hangedman_decor_lopped
D:2:      layout_basic
D:3:      layout_basic, nicolae_qazlal_style_of_elements,
          overflow_temple_1_default, overflow_temple_1_default, serial_shops,
          shop, shop, shop, minmay_misc_feat_pillars, uniq_grinder
D:4:      layout_basic, chequers_serial_rivers_micro_b
D:5:      layout_basic
D:6:      layout_basic, mainiacjoe_overflow_concentric_impassable,
          minmay_temple_entry_offerings, st_stairs_3, uniq_blork_the_orc
D:7:      minmay_polygon_palace, layout_basic
D:8:      layout_gridville
D:9:      layout_roguey, mainiacjoe_overflow_catwalk,
          due_lair_maze_entry_diamond, erik_orc_4, serial_shops,
          nicolae_shop_behind_doors, grunt_ogre_cave,
          nicolae_shop_distant_corner_stores
D:10:     gammafunk_mikee_crab_dinner, layout_loops_ring, hangedman_ranch,
          uniq_erica
Temple:   hellmonk_temple_divided_pantheon

Skill      XL: |  1  2  3  4  5  6  7  8  9 10 11 |
---------------+----------------------------------+-----
Polearms       | 4 5 6 8 9 10 11 | 11.5
Fighting       | 4 5 6 7 9 10 11 | 11.5
Armour         | 3 4 5 6 7 9 10 11 | 11.2
Dodging        | 3 4 5 6 8 9 10 | 10.3

Action                     |  1- 3 |  4- 6 |  7- 9 | 10-12 || total
---------------------------+-------+-------+-------+-------++-------
  Melee: Spear             |    83 |    92 |       |       ||   175
         Headbutt          |     8 |     6 |    63 |    51 ||   128
         Trident           |       |    48 |   373 |   334 ||   755
 Invoke: Berserk           |       |     1 |     3 |     2 ||     6
         Trog's Hand       |       |       |     1 |     1 ||     2
 Armour: Animal skin       |     3 |       |       |       ||     3
         Ring mail         |     6 |       |       |       ||     6
         Chain mail        |     4 |    43 |   127 |    21 ||   195
         Plate armour      |       |       |       |    88 ||    88
  Dodge: Dodged            |    35 |    33 |   128 |   132 ||   328
  Block: Kite shield       |    17 |    25 |   109 |    86 ||   237
